Map: Flashback EE

Players

angelpool

  • Race: Protoss Protoss
  • League: Gold
  • Spawn Location: 7:00

Zeratul

  • Race: Terran Terran
  • League: Silver
  • Spawn Location: 7:00

ONIGE

  • Race: Terran Terran
  • League: Silver
  • Spawn Location: 7:00

MrFercho

  • Race: Zerg Zerg
  • League: Gold
  • Spawn Location: 11:00

TATORREA

  • Race: Protoss Protoss
  • League: Gold
  • Spawn Location: 11:00

tigro

  • Race: Terran Terran
  • League: Bronze
  • Spawn Location: 9:00

VOD

Have the link to the VOD?

Description

Time

  • Played on: Aug. 15, 2020, 11:27 p.m.
  • Length: 17:22
Show
View Real Time Build Order
Export as new Build Order

angelpool Protoss 

Build Orders: Double Forge, Carriers 

Get SALT Encoding   

  12  0:00  Probe  
  13  0:15  Pylon  
  13  0:18  Probe (Chrono Boost)  
  15  0:30  Probe (Chrono Boost)  
  15  0:35  Probe (Chrono Boost)  
  15  0:40  Gateway  
  16  0:45  Assimilator  
  16  0:47  Probe  
  17  0:59  Probe  
  18  1:06  Assimilator  
  19  1:11  Probe  
  19  1:23  Probe  
  20  1:28  Cybernetics Core  
  20  1:30  Pylon  
  20  1:35  Probe  
  21  1:47  Probe  
  21  1:49  Gateway  
  22  1:58  Warp Gate (Chrono Boost)  
  22  2:08  Adept  
  22  2:15  Probe  
  25  2:27  Probe  
  26  2:34  Nexus  
  26  2:42  Pylon, Probe  
  27  2:54  Probe  
  27  2:56  Pylon  
  28  2:59  Pylon  
  28  3:00  Pylon  
  28  3:12  Gateway  
  28  3:17  Gateway  
  28  3:24  Shield Battery  
  28  3:32  Probe  
  29  3:44  Probe  
  30  3:54  Probe  
  31  3:56  Probe  
  31  3:59  Stalker  
  34  4:03  Stalker  
  34  4:06  Probe  
  37  4:16  Assimilator  
  37  4:18  Probe  
  37  4:20  Assimilator  
  37  4:22  Probe  
  39  4:29  Stalker x2  
  39  4:30  Probe  
  44  4:33  Stalker  
  44  4:34  Probe  
  47  4:42  Twilight Council, Probe  
  48  4:46  Probe  
  48  4:49  Forge  
  48  4:51  Forge  
  49  5:00  Probe  
  49  5:05  Stalker  
  52  5:07  Stalker  
  52  5:12  Stalker, Probe  
  57  5:17  Stalker  
  59  5:22  Blink (Chrono Boost)  
  59  5:25  Probe  
  58  5:46  Stalker x3  
  58  5:47  Stalker  
  66  6:01  Protoss Ground Weapons Level 1 (Chrono Boost)  
  66  6:03  Protoss Ground Armor Level 1 (Chrono Boost)  
  62  6:35  Stalker x3  
  62  6:36  Stalker  
  70  6:56  Dark Shrine  
  70  7:04  Stalker  
  70  7:05  Stalker x2  
  70  7:06  Stalker  
  78  7:16  Charge  
  78  7:23  Gateway  
  78  7:25  Gateway  
  78  7:27  Gateway  
  78  7:32  Nexus  
  78  7:35  Assimilator  
  78  7:40  Assimilator  
  78  7:43  Pylon  
  78  7:44  Pylon  
  78  7:47  Pylon  
  78  7:49  Pylon  
  78  8:12  Probe  
  79  8:17  Probe  
  79  8:19  Shadow Stride  
  80  8:24  Probe  
  81  8:29  Probe  
  81  8:31  Stalker x2  
  81  8:32  Stalker x3  
  81  8:33  Stalker x2  
  96  8:36  Probe  
  97  8:41  Probe  
  98  8:56  Protoss Ground Armor Level 2  
  98  8:57  Protoss Ground Weapons Level 2  
  98  9:08  Protoss Air Weapons Level 1  
  98  9:12  Stargate  
  98  9:14  Stargate  
  98  9:16  Stargate  
  98  9:20  Stargate  
  98  9:21  Probe  
  98  9:23  Stargate  
  99  9:33  Probe  
  100  9:45  Probe  
  101  9:56  Fleet Beacon  
  101  9:57  Probe  
  102  10:10  Probe  
  103  10:22  Probe  
  104  10:34  Probe  
  105  10:41  Carrier x2  
  105  10:42  Carrier  
  123  10:57  Pylon  
  123  10:58  Pylon  
  123  10:59  Pylon  
  123  11:01  Pylon  
  123  11:03  Pylon  
  123  11:05  Pylon  
  123  11:09  Pylon  
  123  11:11  Pylon  
  123  11:14  Protoss Air Armor Level 1 (Chrono Boost)  
  123  11:15  Carrier  
  123  11:16  Carrier  
  135  11:20  Cybernetics Core  
  135  11:31  Protoss Shields Level 1  
  125  12:02  Carrier x3  
  143  12:19  Protoss Air Weapons Level 2 (Chrono Boost)  
  143  12:24  Protoss Ground Armor Level 3 (Chrono Boost)  
  135  13:07  Carrier  
  135  13:08  Carrier x3  
  135  13:12  Carrier  
  165  13:28  Mothership  
  173  13:37  Protoss Shields Level 2 (Chrono Boost)  
  173  13:54  Probe  
  174  13:57  Protoss Air Armor Level 2  
  174  14:24  Dark Templar x3  
  176  14:25  Dark Templar  
  176  14:28  Dark Templar  
  184  14:38  Nexus  
  184  14:41  Assimilator  
  184  14:45  Assimilator  
  184  14:49  Pylon  
  184  14:50  Pylon  
  184  14:52  Pylon  
  184  14:54  Pylon  
  176  15:43  Carrier x4  
  196  16:35  Dark Templar x3  
  196  16:36  Dark Templar  
Show
View Real Time Build Order
Export as new Build Order

Zeratul Terran 

Build Orders:  

Get SALT Encoding   

  12  0:11  Supply Depot  
  12  0:13  SCV  
  13  0:26  SCV  
  14  0:34  Barracks  
  14  0:38  SCV  
  15  0:46  Refinery  
  15  0:50  SCV  
  16  1:06  SCV  
  17  1:18  SCV  
  18  1:31  SCV  
  19  1:33  Marine, Refinery  
  20  1:43  SCV  
  21  1:51  Marine  
  22  1:55  SCV  
  23  2:21  Factory  
  23  2:28  Barracks Tech Lab  
  23  2:30  Supply Depot  
  23  2:44  Command Center  
  23  3:06  Orbital Command  
  23  3:08  Factory Tech Lab  
  23  3:15  Starport  
  23  3:17  Marauder  
  25  3:21  Concussive Shells  
  25  3:38  Engineering Bay  
  25  3:39  Marauder  
  27  3:43  SCV  
  28  3:51  Siege Tank  
  31  3:59  SCV  
  31  4:00  Marauder  
  34  4:11  SCV  
  34  4:15  SCV  
  36  4:21  Starport Tech Lab  
  36  4:22  Marauder  
  36  4:23  SCV  
  39  4:27  SCV  
  40  4:35  SCV, Missile Turret  
  41  4:39  SCV  
  41  4:45  Refinery  
  42  4:47  Siege Tank, SCV  
  46  4:55  Fusion Core  
  46  4:56  Missile Turret  
  46  5:15  Supply Depot  
  46  5:24  Missile Turret  
  46  5:36  SCV x2  
  46  5:40  Combat Shield  
  48  5:43  Battlecruiser  
  54  6:12  Refinery  
  54  6:18  SCV  
  54  6:19  SCV  
  54  6:45  Starport, Weapon Refit  
  54  7:14  Battlecruiser, SCV x2  
  62  7:22  Siege Tank  
  65  7:24  Supply Depot  
  65  7:26  SCV x2  
  67  7:38  SCV x2  
  69  7:47  Supply Depot  
  69  7:49  Starport Tech Lab  
  69  7:50  SCV  
  70  7:54  Siege Tank  
  65  8:10  Supply Depot  
  65  8:17  Battlecruiser  
  65  8:19  Battlecruiser  
  77  8:23  Command Center, Refinery  
  77  8:34  Supply Depot  
  77  8:35  SCV  
  77  8:40  SCV  
  79  8:47  SCV, Refinery  
  80  8:52  SCV  
  81  8:56  Supply Depot  
  81  8:59  SCV  
  81  9:01  Armory  
  82  9:05  SCV  
  83  9:11  SCV  
  85  9:17  SCV  
  85  9:20  Supply Depot  
  85  9:24  SCV  
  86  9:29  SCV  
  87  9:47  SCV  
  88  9:58  Battlecruiser x2  
  88  9:59  SCV  
  101  10:02  Terran Vehicle And Ship Armor Level 1  
  101  10:07  Armory  
  101  10:12  SCV  
  102  10:24  SCV  
  103  10:36  SCV  
  104  11:09  Starport  
  104  11:10  Battlecruiser x2  
  116  11:14  Terran Ship Weapons Level 1  
  116  11:19  Planetary Fortress  
  116  11:33  Command Center  
  116  12:15  Starport Tech Lab  
  116  12:18  Starport  
  116  12:19  Battlecruiser x2  
  116  12:21  Terran Vehicle And Ship Armor Level 2  
  128  12:45  Refinery  
  128  12:47  SCV  
  129  12:59  SCV  
  130  13:12  SCV, Refinery  
  131  13:18  Terran Ship Weapons Level 2  
  131  13:21  Starport, Starport Tech Lab  
  131  13:24  SCV  
  132  13:30  Supply Depot  
  132  13:33  Supply Depot  
  132  13:36  SCV  
  133  13:48  SCV  
  134  13:49  Battlecruiser x2  
  134  13:52  Battlecruiser  
  134  13:53  Supply Depot  
  134  13:55  Orbital Command  
  152  13:57  Supply Depot  
  152  14:00  SCV  
  153  14:16  Supply Depot  
  153  14:21  Supply Depot  
  153  14:50  Battlecruiser  
  159  14:53  Battlecruiser x2  
  159  14:56  Supply Depot, Battlecruiser  
  177  15:11  Supply Depot  
  177  15:20  Supply Depot  
  177  15:36  Supply Depot  
  177  15:48  SCV  
  178  15:55  Battlecruiser  
  184  15:58  Battlecruiser x2  
  184  16:00  SCV  
  197  16:12  SCV  
  198  16:25  SCV  
  194  16:29  Missile Turret  
  194  16:37  SCV  
Show
View Real Time Build Order
Export as new Build Order

ONIGE Terran 

Build Orders:  

Get SALT Encoding   

  12  0:00  SCV  
  13  0:13  SCV  
  14  0:19  Supply Depot  
  14  0:25  SCV  
  15  0:40  SCV  
  15  0:42  Barracks  
  16  0:47  Refinery  
  16  0:52  Refinery  
  16  0:57  SCV  
  17  1:09  SCV  
  18  1:22  SCV  
  19  1:34  SCV  
  19  1:38  Barracks Reactor  
  20  1:49  SCV  
  21  1:58  Command Center  
  21  2:03  SCV  
  22  2:15  Marine  
  23  2:24  Supply Depot  
  23  2:45  Marine, SCV  
  25  2:54  Factory  
  25  2:58  Orbital Command  
  25  3:14  Orbital Command  
  25  3:15  Marine x2  
  27  3:35  Marine x2  
  27  3:39  SCV  
  27  3:41  SCV  
  31  3:47  Factory Reactor  
  31  3:52  Starport  
  31  3:54  Marine x2  
  33  4:00  Barracks  
  33  4:05  Barracks  
  33  4:12  Marine  
  33  4:13  Marine  
  35  4:19  Supply Depot  
  35  4:20  Supply Depot  
  35  4:41  Factory Tech Lab  
  35  4:43  Supply Depot  
  35  4:44  Marine x2  
  35  4:45  Supply Depot  
  37  4:46  Medivac x2  
  37  4:50  Barracks Tech Lab  
  41  4:53  Barracks  
  41  4:54  Barracks Tech Lab  
  41  5:07  Siege Tank  
  44  5:15  Stimpack  
  44  5:16  Combat Shield  
  44  5:18  Marine x2  
  50  5:28  Marauder x2  
  50  5:32  Medivac x2  
  54  5:36  Marine x2  
  54  5:41  SCV x2  
  58  5:47  Barracks Reactor  
  61  5:51  Siege Tank  
  61  5:53  SCV x2  
  63  6:13  Marauder x2, Marine x2  
  69  6:23  Supply Depot  
  69  6:25  Supply Depot, SCV x2  
  71  6:28  Marine x2  
  71  6:31  Marine x2  
  75  6:34  Marauder  
  75  6:37  SCV  
  78  6:45  Marauder, SCV  
  81  7:03  Marine x4  
  81  7:04  Marine  
  81  7:06  Marine  
  87  7:13  Engineering Bay  
  87  7:14  Engineering Bay  
  87  7:21  Marine x4  
  87  7:22  Marauder  
  93  7:47  Marauder  
  89  7:52  Marine x5  
  73  7:59  Siege Tank  
  73  8:03  Medivac x2  
  78  8:08  Marine  
  78  8:10  Marine x4, Missile Turret x2  
  78  8:11  Marauder  
  78  8:12  Missile Turret  
  85  8:13  Missile Turret  
  85  8:21  Supply Depot  
  85  8:22  Supply Depot  
  85  8:26  Marauder  
  87  8:31  SCV x2  
  87  8:32  Refinery  
  87  8:33  Refinery  
  89  8:39  Terran Infantry Armor Level 1, Terran Infantry Weapons Level 1  
  89  8:49  Marauder x2, Marine x4  
  97  8:56  Siege Tank  
  100  9:07  Marine x4  
  104  9:25  SCV x2  
  106  9:41  Marine  
  106  9:42  Marine x3  
  110  9:46  Command Center  
  110  10:23  Command Center  
  110  10:38  Missile Turret  
  110  10:57  Medivac x2, Marine x6  
  110  10:58  Supply Depot  
  110  10:59  Supply Depot  
  110  11:00  Supply Depot  
  120  11:08  Missile Turret  
  120  11:15  Marine x5  
  125  11:21  Marine  
  126  11:33  Marine x5  
  126  11:39  Marine  
  132  12:13  Armory  
  132  12:15  Armory  
  130  12:36  Planetary Fortress  
  98  12:58  SCV  
  98  13:04  Terran Ship Weapons Level 1, Terran Vehicle And Ship Armor Level 1  
  98  13:20  Barracks Tech Lab  
  98  13:23  Barracks Tech Lab  
  98  13:24  Starport  
  98  13:46  Orbital Command  
  98  14:09  Fusion Core  
  98  14:11  Fusion Core  
  98  14:55  SCV  
  99  15:07  Battlecruiser x2, SCV  
  112  15:19  Thor  
  118  15:44  Barracks Tech Lab  
  118  15:47  Starport  
  118  15:49  Barracks Tech Lab  
  118  15:50  Starport  
  118  16:10  Thor  
  124  16:12  Battlecruiser x2  
Show
View Real Time Build Order
Export as new Build Order

MrFercho Zerg 

Build Orders: Hatch First, Lurkers, Roach Hydra 

Get SALT Encoding   

  12  0:00  Drone  
  13  0:15  Overlord  
  13  0:29  Drone  
  13  0:33  Drone x2  
  16  0:53  Hatchery  
  16  0:55  Drone  
  16  0:58  Drone  
  16  1:02  Drone  
  18  1:12  Extractor  
  17  1:20  Spawning Pool  
  17  1:22  Drone  
  17  1:24  Drone  
  18  1:38  Drone  
  19  1:50  Drone  
  20  1:56  Overlord  
  20  2:08  Queen x2  
  20  2:10  Overlord  
  20  2:11  Drone  
  25  2:23  Drone x2  
  27  2:32  Overlord  
  27  2:33  Overlord  
  27  2:46  Lair  
  27  2:54  Drone x4  
  31  3:04  Drone x2  
  33  3:18  Extractor x2  
  33  3:19  Drone  
  32  3:20  Drone x2  
  32  3:21  Drone x3  
  32  3:24  Drone x2  
  32  3:26  Queen  
  41  3:32  Overlord  
  41  3:57  Roach Warren  
  41  3:59  Drone x4  
  41  4:00  Drone x2, Evolution Chamber  
  45  4:17  Drone x2  
  45  4:19  Overlord  
  47  4:26  Zerg Missile Weapons Level 1  
  47  4:39  Glial Reconstitution  
  47  4:47  Roach x3  
  47  4:48  Roach x6  
  65  4:59  Drone  
  66  5:03  Hatchery  
  65  5:11  Hydralisk Den, Drone x2  
  66  5:21  Roach  
  66  5:22  Roach x4  
  66  5:24  Overlord x3  
  74  6:19  Roach  
  74  6:20  Roach x12  
  94  6:27  Zerg Missile Weapons Level 2  
  94  6:36  Roach x4  
  102  6:44  Evolution Chamber  
  101  6:47  Nydus Network, Roach  
  101  6:48  Roach x2  
  101  6:54  Overlord x5  
  106  7:12  Queen  
  108  7:18  Drone  
  108  7:19  Drone x8  
  108  7:22  Overlord  
  117  7:23  Overlord  
  117  7:28  Ravager  
  117  7:29  Ravager x4  
  108  8:10  Hydralisk x2  
  108  8:11  Hydralisk x9  
  130  8:20  Extractor  
  130  8:22  Extractor  
  130  8:27  Grooved Spines  
  128  9:10  Nydus Canal  
  128  9:15  Hydralisk x3  
  128  9:16  Hydralisk x2  
  138  9:18  Overlord x2  
  138  9:19  Zergling x4  
  138  9:20  Zergling x24  
  138  9:23  Metabolic Boost  
  152  9:38  Muscular Augments  
  152  9:40  Overseer  
  152  9:48  Pneumatized Carapace  
  152  9:49  Drone x3  
  152  9:50  Drone x3  
  152  9:51  Drone x5  
  163  10:05  Lurker Den  
  162  10:39  Nydus Canal  
  162  10:54  Overlord  
  162  10:55  Overlord  
  162  11:01  Overlord  
  162  11:13  Nydus Canal  
  162  11:41  Infestation Pit  
  161  12:01  Zerg Ground Armor Level 1  
  161  12:04  Overlord x3  
  161  12:05  Overlord  
  161  12:06  Overlord  
  161  12:10  Overseer  
  88  12:47  Ravager  
  64  13:02  Hydralisk  
  64  13:03  Hydralisk x25  
  64  13:04  Hydralisk x9  
  134  13:30  Extractor, Hive  
  133  13:37  Spire  
  132  13:45  Lurker x4  
  136  13:50  Lurker  
  137  13:57  Lurker  
  138  14:11  Drone  
  138  14:12  Drone  
  140  14:21  Lurker x3  
  143  14:37  Zerg Ground Armor Level 2  
  143  15:01  Lurker x2  
  143  15:02  Lurker x2  
  143  15:03  Lurker  
  148  15:18  Hatchery  
  148  15:20  Extractor  
  146  15:21  Overseer x2  
  146  15:22  Extractor  
  145  15:42  Overseer  
  145  15:49  Adaptive Talons  
  145  15:52  Greater Spire  
Show
View Real Time Build Order
Export as new Build Order

TATORREA Protoss 

Build Orders:  

Get SALT Encoding   

  12  0:02  Probe  
  13  0:15  Probe  
  14  0:27  Probe  
  15  0:29  Pylon  
  15  0:47  Probe  
  16  0:54  Gateway  
  16  0:59  Probe  
  18  1:11  Assimilator, Probe  
  18  1:13  Pylon  
  18  1:23  Probe  
  19  1:35  Probe  
  19  1:38  Gateway  
  20  1:40  Assimilator  
  20  1:47  Probe, Cybernetics Core  
  21  1:57  Pylon  
  21  1:59  Probe  
  22  2:03  Gateway  
  21  2:11  Probe  
  22  2:25  Probe  
  23  2:30  Warp Gate  
  23  2:40  Twilight Council  
  23  2:44  Gateway  
  23  3:00  Nexus  
  23  3:06  Pylon  
  23  3:14  Pylon  
  23  3:25  Stalker  
  25  3:29  Stalker  
  27  3:39  Resonating Glaives (Chrono Boost), Adept  
  27  3:41  Adept  
  31  4:09  Probe  
  32  4:16  Probe  
  33  4:20  Adept x2  
  33  4:21  Probe  
  33  4:22  Adept  
  40  4:25  Adept  
  40  4:28  Probe  
  43  4:34  Probe  
  44  4:41  Probe  
  45  4:46  Probe  
  45  4:49  Adept x2  
  45  4:50  Adept  
  52  4:54  Probe  
  52  4:58  Probe  
  54  5:06  Probe  
  55  5:10  Probe  
  56  5:18  Probe  
  57  5:22  Probe  
  58  5:30  Probe  
  58  5:33  Robotics Facility  
  59  5:35  Pylon  
  59  5:39  Pylon  
  59  5:42  Pylon  
  51  6:02  Stalker x3  
  51  6:03  Stalker  
  57  6:35  Stalker x4  
  57  6:37  Probe x2  
  57  6:38  Immortal (Chrono Boost)  
  71  6:49  Probe x2  
  73  7:01  Probe x2  
  73  7:05  Stalker x4  
  83  7:10  Warp Prism  
  83  7:12  Assimilator  
  83  7:13  Probe  
  83  7:14  Probe  
  87  7:16  Assimilator  
  87  7:26  Probe x2  
  89  7:46  Immortal  
  93  8:22  Pylon  
  93  8:25  Pylon  
  93  8:35  Pylon  
  93  8:40  Immortal  
  97  8:41  Pylon  
  97  8:46  Pylon  
  97  8:57  Stalker x2  
  97  8:58  Stalker  
  103  9:12  Nexus  
  103  9:15  Pylon  
  103  9:17  Pylon  
  103  9:30  Stalker  
  105  9:31  Stalker  
  105  9:32  Stalker  
  105  9:33  Stalker  
  105  9:36  Immortal  
  115  9:40  Forge  
  115  9:41  Forge  
  115  9:43  Forge  
  115  9:45  Templar Archives  
  115  9:46  Probe x2  
  115  9:47  Gateway  
  115  9:49  Gateway  
  117  9:52  Gateway  
  117  9:58  Probe x2  
  119  10:00  Sentry x4  
  119  10:01  Gateway  
  119  10:03  Gateway  
  119  10:05  Gateway  
  127  10:10  Probe x2  
  129  10:15  Immortal  
  133  10:32  Probe, Nexus  
  133  10:33  Probe  
  135  10:39  Stalker  
  137  10:44  Protoss Ground Armor Level 1 (Chrono Boost), Protoss Ground Weapons Level 1 (Chrono Boost)  
  137  10:45  Probe x2, Protoss Shields Level 1 (Chrono Boost)  
  139  10:57  Probe, High Templar x3  
  140  10:58  High Templar  
  140  10:59  High Templar  
  150  11:15  Assimilator  
  150  11:19  Assimilator  
  150  11:22  Pylon  
  150  11:26  Pylon  
  150  11:32  Pylon  
  150  11:35  Pylon  
  150  11:38  Pylon  
  150  11:40  Probe x2  
  152  11:52  Probe  
  153  12:02  Archon x2  
  153  12:04  High Templar x3  
  153  12:05  High Templar x3  
  165  12:08  Zealot x3  
  165  12:09  Charge (Chrono Boost), Zealot  
  173  12:39  Zealot x5  
  173  12:40  Zealot x2  
  173  12:43  Archon x2  
  173  12:44  Archon  
  187  12:46  Nexus  
  187  12:47  Pylon  
  187  12:50  Pylon  
  187  12:56  Protoss Ground Weapons Level 2 (Chrono Boost)  
  187  13:00  Immortal, Protoss Ground Armor Level 2 (Chrono Boost)  
  187  13:07  Protoss Shields Level 2 (Chrono Boost)  
  191  13:28  Probe x3  
  191  13:32  Blink, Psionic Storm  
  191  13:34  High Templar x3  
  196  13:38  Archon  
  196  13:41  Archon  
  200  13:44  Assimilator  
  200  13:50  Assimilator  
  173  15:48  High Templar x2  
  173  15:49  High Templar x5  
  187  15:50  High Templar x2  
  187  15:53  Archon x2  
  187  15:54  Archon x2  
Show
View Real Time Build Order
Export as new Build Order

tigro Terran 

Build Orders:  

Get SALT Encoding   

  12  0:13  SCV  
  13  0:24  Supply Depot  
  13  0:25  SCV  
  14  0:37  SCV  
  15  0:46  Supply Depot  
  15  0:50  Barracks  
  15  0:51  SCV  
  16  1:02  Refinery  
  16  1:03  SCV  
  17  1:15  SCV  
  18  1:27  SCV  
  18  1:31  Refinery  
  19  1:38  Marine  
  19  1:39  SCV  
  21  1:52  SCV  
  22  1:56  Marine  
  23  2:09  Factory  
  23  2:12  SCV  
  23  2:14  Marine  
  25  2:24  SCV  
  26  2:31  Marine  
  26  2:37  Orbital Command  
  27  2:49  Marine  
  28  2:54  Factory Tech Lab  
  28  3:01  Engineering Bay  
  28  3:18  Barracks Tech Lab  
  31  3:20  Siege Tank  
  31  3:40  Missile Turret  
  31  3:48  Marine  
  32  3:52  Siege Tank  
  32  3:53  Combat Shield  
  35  4:02  Missile Turret  
  35  4:05  Marine  
  36  4:23  Marine  
  37  4:27  Missile Turret  
  37  4:32  Siege Tank  
  40  4:41  Marine  
  41  4:49  Missile Turret  
  41  4:51  Starport  
  41  5:07  Command Center  
  41  5:10  Marine, Missile Turret  
  42  5:16  Terran Infantry Weapons Level 1  
  42  5:28  Marine  
  43  5:46  Marine  
  44  6:03  Marine  
  45  6:21  Marine  
  45  6:22  Refinery  
  46  6:35  Medivac  
  46  6:39  Marine  
  49  6:51  Armory  
  49  6:57  Marine  
  50  7:05  Medivac  
  52  7:10  Terran Infantry Armor Level 1  
  52  7:15  Marine  
  53  7:24  Missile Turret  
  53  7:32  Marine  
  53  7:36  Planetary Fortress  
  48  7:46  Missile Turret  
  38  8:07  Missile Turret  
  38  8:26  Fusion Core  
  38  8:27  Thor, Missile Turret  
  38  8:29  Marine  
  38  8:33  Starport Tech Lab  
  45  8:41  Terran Vehicle Weapons Level 1  
  45  8:47  Marine  
  46  8:54  SCV  
  47  9:04  Neosteel Armor  
  47  9:05  Medivac, Marine, Refinery  
  47  9:06  SCV  
  51  9:10  Thor  
  57  9:18  SCV  
  57  9:23  Marine  
  59  9:31  SCV  
  60  9:35  Medivac  
  62  10:04  Weapon Refit  
  62  10:06  Supply Depot  
  62  10:28  Supply Depot, Marine, SCV  
  64  10:32  Stimpack  
  64  10:40  SCV  
  65  10:44  Hi-Sec Auto Tracking  
  65  10:50  Thor  
  65  10:52  Supply Depot, SCV  
  72  11:05  Barracks  
  73  11:15  Supply Depot  
  72  11:33  Thor  
  78  11:44  Rapid Reignition System  
  78  12:09  Missile Turret  
  78  12:30  Missile Turret  
  78  12:49  Battlecruiser  
  78  12:50  Missile Turret  
  84  13:02  Missile Turret  
  84  13:08  Terran Vehicle And Ship Armor Level 1  
  84  13:12  Missile Turret  
  84  13:25  Missile Turret  
  84  13:38  Missile Turret  
  84  13:48  Marine  
  86  13:53  Battlecruiser  
  91  13:57  Barracks Reactor  
  91  13:59  Missile Turret  
  91  14:06  Marine, Missile Turret  
  92  14:20  Missile Turret  
  92  14:31  Terran Infantry Weapons Level 2  
  92  14:43  Missile Turret  
  92  14:47  Marine x3  
  95  14:57  Battlecruiser  
  101  15:02  Terran Ship Weapons Level 1, Command Center, Thor  
  101  15:04  Marine, Missile Turret  
  101  15:05  Marine x2  
  110  15:25  Missile Turret  
  110  15:46  Missile Turret  
  110  16:08  Missile Turret  
  110  16:13  Marine x3  
  110  16:14  Battlecruiser  
  119  16:21  Refinery  
  119  16:23  Refinery, Planetary Fortress  
  119  16:35  Missile Turret  
Tags
 
Add a new tag
Caveats
  • Supply blocks, unpowered buildings, or Contaminate may cause inaccurate times.
  • Supply counts are checked every 10 seconds.